 Dungeon Crawl Stone Soup version 0.23.0 (webtiles) character file.

Game seed: 4701617047872472863

63 Yuikono the Gusty (level 4, 0/24 HPs)
             Began as a Tengu Air Elementalist on Feb 12, 2019.
             Succumbed to an adder's poison
             ... on level 2 of the Dungeon.
             The game lasted 00:04:04 (2078 turns).

Yuikono the Gusty (Tengu Air Elementalist)          Turns: 2078, Time: 00:04:05

Health: 0/24       AC:  2    Str:  8    XL:     4   Next: 9%
Magic:  6/9        EV: 12    Int: 17    God:
Gold:   92         SH:  0    Dex: 14    Spells: 2/8 levels left

rFire    . . .     SeeInvis +   d - +0 dagger
rCold    . . .     Gourm    .   (no shield)
rNeg     . . .     Faith    .   a - +0 robe
rPois    .         Spirit   .   (helmet restricted)
rElec    .         Reflect  .   (no cloak)
rCorr    .         Harm     .   (no gloves)
MR       .....     Clarity  +   (boots unavailable)
Stlth    ++........             (no amulet)
HPRegen  0.08/turn              (no ring)
MPRegen  0.11/turn              (no ring)

@: lethally poisoned (0 -> -3), berserk cooldown, slowed, very slow
A: beak, horns 1, talons 3, see invisible, clarity
a: no special abilities


You were on level 2 of the Dungeon.
You were not hungry.

You visited 1 branch of the dungeon, and saw 2 of its levels.

You collected 92 gold pieces.

Inventory:

Hand Weapons
 d - a +0 dagger (weapon)
Missiles
 f - 90 stones (quivered)
 m - 6 tomahawks
Armour
 a - a +0 robe (worn)
Scrolls
 b - a scroll of remove curse
 e - 5 scrolls of identify
 l - a scroll of amnesia
Comestibles
 c - 3 rations
 j - 5 chunks of flesh


   Skills:
 - Level 2.1 Dodging
 - Level 2.0 Stealth
 + Level 2.7 Spellcasting
 + Level 3.1 Conjurations
 + Level 4.9 Air Magic


You had 2 spell levels left.
You knew the following spells:

 Your Spells              Type           Power        Failure   Level  Hunger
a - Shock                 Conj/Air       ###.         3%          1    #......
b - Swiftness             Chrm/Air       ##......     10%         2    ##.....
c - Static Discharge      Conj/Air       ###.....     11%         3    ###....

Your spell library contained the following spells:

 Spells                   Type           Power        Failure   Level  Hunger
 Airstrike                Air            ###.......   24%         4    #####..
 Lightning Bolt           Conj/Air       ###.......   67%         5    ######.


Dungeon Overview and Level Annotations

Branches:
Dungeon (2/15)

Altars:


Innate Abilities, Weirdness & Mutations

You have a beak for a mouth.
You have claws for feet.
You have a pair of small horns on your head.
You have supernaturally acute eyesight. (SInv)
You possess an exceptional clarity of mind.


Message History

Press: ? - help, Dir - move target cursor, f - you Are you sure you want to cancel this blink?
Okay, then.
As you read the scroll labeled QOLURUO OMISI, it crumbles to dust.
It was a scroll of blinking.
* * * LOW HITPOINT WARNING * * *
You feel sick.
As you read the scroll labeled UTTEVO OCKYIPUO, it crumbles to dust.
The scroll dissolves into smoke.
It was a scroll of fog.
As you read the scroll labeled BOCOXY UPIPPU, it crumbles to dust.
You feel strangely unstable.
It was a scroll of teleportation.
* * * LOW HITPOINT WARNING * * *
You feel sick.
As you read the scroll labeled WITIGO BAJO, it crumbles to dust.
The air around you briefly surges with heat, but it dissipates.
It was a scroll of immolation.
As you read the scroll labeled HIEFOIBYIKH, it crumbles to dust.
You feel blessed for a moment.
It was a scroll of remove curse.
Your surroundings suddenly seem different.
You die...

#.#.########
#.#.........
#.#############
####.............#
............ ..#.#
##########.. ...#
..# #.# #@# #.#
#.# ..# ###


There were no monsters in sight!

Vanquished Creatures
  2 adders (D:2)
  A worm (D:2)
  A dart slug (D:2)
  A leopard gecko (D:1)
  A giant cockroach (D:2)
  6 goblins
  6 hobgoblins
  5 jackals (D:2)
  4 kobolds (D:1)
  3 bats
  A frilled lizard (D:2)
  5 rats
36 creatures vanquished.

Notes
Turn   | Place    | Note
-------+----------+-------------------------------------------
     0 | D:1      | Yuikono the Tengu Air Elementalist began the quest for the
                  | Orb.
     0 | D:1      | Reached XP level 1. HP: 10/10 MP: 4/4
   129 | D:1      | Reached XP level 2. HP: 8/15 MP: 0/6
   257 | D:1      | Learned a level 2 spell: Swiftness
  1285 | D:2      | Reached XP level 3. HP: 17/19 MP: 0/7
  1355 | D:2      | Learned a level 3 spell: Static Discharge
  2062 | D:2      | Reached XP level 4. HP: 7/24 MP: 4/9
  2063 | D:2      | Gained mutation: You possess an exceptional clarity of
                  | mind. [potion of mutation]
  2063 | D:2      | Gained mutation: You have supernaturally acute eyesight.
                  | (SInv) [potion of mutation]
  2063 | D:2      | Gained mutation: You have a pair of small horns on your
                  | head. [potion of mutation]
  2075 | D:2      | HP: 1/24 [poisoned by an adder]
  2078 | D:2      | Succumbed to an adder's poison

Skill      XL: |  1  2  3 |
---------------+----------+-----
Conjurations   | 2 3 |  3.1
Dodging        | |  2.1
Stealth        | |  2.0
Spellcasting   | |  2.7
Air Magic      | |  4.9

Action                   |  1- 3 |  4- 6 || total
-------------------------+-------+-------++-------
Melee: Unarmed           |     4 |       ||     4
       Dagger            |    46 |       ||    46
       Kick              |     6 |       ||     6
       Peck              |     9 |       ||     9
 Cast: Shock             |    52 |     1 ||    53
  Use: Scroll            |       |     6 ||     6
       Potion            |       |     3 ||     3
 Stab: Sleeping          |     3 |       ||     3
  Eat: Chunk             |     4 |       ||     4
Armor: Robe              |    14 |       ||    14
Dodge: Dodged            |    52 |       ||    52
